 Dungeon Crawl Stone Soup version 0.31-a0-795-g5eb97db20b (webtiles) character file.

Game seed: 12207548200830698446

3153 Armakuni the Thrower (level 9, -5/80 HPs)
             Began as a Troll Monk on Sept 18, 2023.
             Was a Believer of the Shining One.
             Killed from afar by a steam dragon (6 damage)
             ... with a ball of steam
             ... on level 8 of the Dungeon.
             The game lasted 00:16:04 (5132 turns).

Armakuni the Thrower (Troll Monk)                   Turns: 5132, Time: 00:16:05

Health: -5/80      AC:  4    Str: 27    XL:     9   Next: 62%
Magic:  4/11       EV: 10    Int: 10    God:    the Shining One [**....]
Gold:   848        SH: 13    Dex: 12    Spells: 8/8 levels left

rFire   + .          .
                       - Unarmed
rCold   . . .        (no shield)
rNeg    + . .        a - +0 robe
rPois   .            (helmet restricted)
rElec   .            u - scarf {shadows}
rCorr   .            (gloves unavailable)
SInv    .            (boots unavailable)
Will    .....        H - amulet of reflection
Stlth   +            S - +6 ring of strength
HPRegen 1.13/turn    F - ring of protection from fire
MPRegen 0.12/turn

%: reflection
@: divinely shielded, glowing, studying Poison Magic
A: large, unfitting armour, claws 3, regeneration 1, shaggy fur 1, tough skin 1
a: Renounce Religion, Divine Shield


You were on level 8 of the Dungeon.
You worshipped the Shining One.
The Shining One was pleased with you.
You visited 2 branches of the dungeon, and saw 9 of its levels.

You collected 848 gold pieces.

Inventory:

Missiles
 g - 17 poisoned darts
 o - 3 silver javelins
 q - 4 large rocks (quivered)
 s - 7 boomerangs
 w - 36 stones
 y - 3 javelins
Armour
 a - a +0 robe (worn)
 u - a scarf of shadows (worn)
Jewellery
 E - a +5 ring of evasion
 F - a ring of protection from fire (right claw)
 H - an amulet of reflection (around neck)
 K - a ring of resist corrosion
 S - a +6 ring of strength (left claw)
 V - a +6 ring of strength
Wands
 c - a wand of charming (6)
 m - a wand of mindburst (14)
 p - a wand of polymorph (9)
 v - a wand of flame (15)
Scrolls
 f - a scroll of immolation
 h - 3 scrolls of vulnerability
 i - 4 scrolls of amnesia
 j - 2 scrolls of fog
 n - 2 scrolls of revelation
Potions
 d - 4 potions of attraction
 e - 2 potions of cancellation
 k - 3 potions of lignification {unknown}
 l - a potion of might {unknown}
 r - 3 potions of heal wounds {unknown}
 t - 3 potions of berserk rage {unknown}
 x - 2 potions of magic {unknown}
 z - 2 potions of haste {unknown}
 A - a potion of mutation {unknown}
 B - a potion of curing {unknown}
 C - a potion of enlightenment


   Skills:
 - Level 2.5 Fighting
 - Level 10.0 Throwing
 - Level 2.5 Dodging
 + Level 6.2 Unarmed Combat
 + Level 5.1 Invocations


You had 8 spell levels left.
You didn't know any spells.
Your spell library was empty.

Dungeon Overview and Level Annotations

Branches:
Dungeon (8/15)             Temple (1/1) D:5
   Lair: D:8-11

Altars:
Ashenzari
Cheibriados
Dithmenos
Elyvilon
Fedhas
Hepliaklqana
Kikubaaqudgha
Makhleb
Nemelex Xobeh
Okawaru
Qazlal
Ru
Sif Muna
Trog
Uskayaw
Vehumet
Wu Jian
Xom
Yredelemnul
Zin
The Shining One


Innate Abilities, Weirdness & Mutations

You are too large for most types of armour.
You have claws for hands.
Your natural rate of healing is unusually fast.
You are covered in fur. (AC +1)
You have tough skin. (AC +1)


Message History

The golden flame engulfs you but does no damage.
You resist.
The golden flame engulfs the steam dragon!
The steam dragon is moderately wounded.
The golden flame engulfs the steam dragon!
The steam dragon is severely wounded.
You can no longer channel blasts of cleansing flame.
You block the steam dragon's attack.
The steam dragon claws you but does no damage.
The steam dragon breathes steam at you. The ball of steam hits you. You resist.
* * * LOW HITPOINT WARNING * * *
Okay, then.
Unknown command.
It was a potion of cancellation.
You feel strangely stable.
Your magical effects are unravelling.
You feel magically purged. The steam dragon bites you!
* * * LOW HITPOINT WARNING * * *
The steam dragon misses you. The steam dragon bites you.
* * * LOW HITPOINT WARNING * * *
The steam dragon closely misses you.
You feel less attractive to monsters.
Okay, then.
Okay, then.
Unknown command.
Okay, then.
Unknown command.
Okay, then.
Unknown command.
Okay, then.
Unknown command.
Unknown command.
You barely miss the steam dragon.
The steam dragon is severely wounded.
The steam dragon breathes steam at you. The ball of steam hits you! You resist.
* * * LOW HITPOINT WARNING * * *
The steam dragon breathes steam at you. The ball of steam hits you. You resist.
You die...

#.# #.#.##.# ##.##
.###.#.##.# #...##
.....#.##.###.#...
#...#.)..##...##
.....#.##..###.##
...#.......###.###
# ##
###............
#..#####
####..#######
(...(D@# #.........
#..###D# #...######
#.# #...# #.# #...#
#.####.### #...#
#........#####...##
..................#
##...#.#..........#
#####.#.######.#.#


You could see 2 steam dragons.

Vanquished Creatures
  Psyche (D:8)
  Edmund (D:4)
  3 water moccasins
  An orc warrior (D:6)
  A sky beast (D:7)
  A black bear (D:5)
  3 ogres
  3 centaurs
  A phantom (D:7)
  A kobold brigand (D:8)
  3 bullfrogs
  3 scorpions
  A gnoll sergeant (D:8)
  7 crimson imps (D:7)
  4 hounds
  A jelly (D:6)
  A gnoll bouda (D:5)
  4 sleepcaps
  Ijyb (D:4)
  2 iguanas
  3 orc wizards (D:6)
  14 gnolls
  5 adders
  A shadow imp (D:6)
  4 white imps
  4 ufetubi
  3 worms
  A dart slug (D:3)
  7 orcs
  5 ball pythons
  2 bats
  9 endoplasms
  11 giant cockroaches (D:3)
  4 goblins
  7 hobgoblins
  3 jackals (D:4)
  6 kobolds
  3 quokkas
  2 frilled lizards
  2 rats (D:3)
139 creatures vanquished.

Vanquished Creatures (collateral kills)
  A yak (D:5)
  A kobold (D:8)
2 creatures vanquished.

Vanquished Creatures (others)
  A gnoll (D:8)
  An adder (D:5)
2 creatures vanquished.

Grand Total: 143 creatures vanquished

Notes
Turn   | Place    | Note
-------+----------+-------------------------------------------
     0 | D:1      | Armakuni the Troll Monk began the quest for the Orb.
     0 | D:1      | Reached XP level 1. HP: 22/22 MP: 0/0
    66 | D:1      | Reached XP level 2. HP: 29/29 MP: 1/1
   423 | D:1      | You fall into a shaft and drop 1 floor!
   712 | D:2      | Found a faded altar of an unknown god.
  1108 | D:3      | Reached XP level 3. HP: 36/36 MP: 2/2
  1118 | D:3      | Identified the +5 dagger of the Modern God {holy, Str+3}
  1320 | D:3      | Reached skill level 1 in Throwing
  1439 | D:3      | Reached skill level 2 in Throwing
  1439 | D:3      | Reached XP level 4. HP: 44/44 MP: 3/3
  1583 | D:4      | Noticed an ogre
  1585 | D:4      | Killed an ogre
  1586 | D:4      | Reached skill level 3 in Throwing
  1586 | D:4      | Reached XP level 5. HP: 50/50 MP: 4/4
  1638 | D:4      | Reached skill level 4 in Throwing
  1721 | D:4      | Reached XP level 6. HP: 56/59 MP: 5/5
  1750 | D:4      | Noticed Edmund
  1770 | D:4      | Killed Edmund
  1771 | D:4      | Reached skill level 5 in Throwing
  1822 | D:4      | Noticed Ijyb
  1839 | D:4      | Killed Ijyb
  2136 | D:5      | Entered Level 5 of the Dungeon
  2151 | D:5      | Found a staircase to the Ecumenical Temple.
  2167 | Temple   | Entered the Ecumenical Temple
  2200 | D:5      | Reached skill level 6 in Throwing
  2200 | D:5      | Reached XP level 7. HP: 46/66 MP: 6/6
  2526 | D:5      | Reached skill level 7 in Throwing
  2526 | D:5      | Noticed a yak
  2542 | D:5      | Killed a yak
  2545 | D:5      | Reached XP level 8. HP: 70/74 MP: 7/7
  2565 | D:5      | Reached skill level 8 in Throwing
  2729 | D:5      | Reached skill level 9 in Throwing
  2750 | D:5      | Found a radiant altar of Vehumet.
  2832 | D:5      | Found an ancient bone altar of Kikubaaqudgha.
  2860 | D:5      | Found a glowing golden altar of the Shining One.
  2864 | D:5      | Became a worshipper of the Shining One
  2864 | D:5      | Reached * piety under the Shining One
  2864 | D:5      | Reached ** piety under the Shining One
  3053 | D:6      | Reached skill level 1 in Invocations
  3134 | D:6      | Found a burning altar of Makhleb.
  3626 | D:6      | Found a white marble altar of Elyvilon.
  4235 | D:7      | Reached XP level 9. HP: 80/80 MP: 10/10
  4240 | D:7      | Reached *** piety under the Shining One
  4242 | D:7      | Reached skill level 10 in Throwing
  4523 | D:7      | Reached skill level 5 in Unarmed Combat
  5116 | D:8      | Noticed Psyche
  5123 | D:8      | Killed Psyche
  5124 | D:8      | Reached skill level 5 in Invocations
  5132 | D:8      | HP: 1/80 [steam dragon/ball of steam (7)]
  5132 | D:8      | Killed from afar by a steam dragon

Illustrated notes

Levels and vault maps discovered:
D:1:      pf_arrival_petrified_forest, layout_loops_cross
D:2:      layout_basic, hellmonk_ecumenical_altar_blasted
D:3:      minmay_roachtagon, layout_rooms
D:4:      layout_cave_pools, hangedman_abyss_or_decor_lesser_grid, uniq_ijyb,
          uniq_edmund
D:5:      layout_basic, vehumet_crystals, mainiacjoe_overflow_big_doors,
          minmay_temple_entry_grid, minmay_manual_mail
D:6:      layout_loops_corners, elyvilon_altar_3, makhleb_grotto_becter,
          serial_bayou_crossing
D:7:      layout_rooms, minivault_4, minmay_nine_imps
D:8:      layout_loops_ring, lair_entry_dummy, nicolae_figureground_sparkle,
          uniq_psyche
Temple:   kb_temple_of_zot

Skill      XL: |  1  2  3  4  5  6  7  8  9 |
---------------+----------------------------+-----
Unarmed Combat | 4 6 |  6.2
Throwing       | 2 3 4 6 7 9 10 | 10.0
Invocations    | 3 5 |  5.1
Fighting       | |  2.5
Dodging        | |  2.5

Action                     |  1- 3 |  4- 6 |  7- 9 || total
---------------------------+-------+-------+-------++-------
  Melee: Unarmed           |    81 |    59 |   200 ||   340
         Punch             |       |       |     2 ||     2
  Throw: Large rock        |       |     2 |     9 ||    11
         Dart              |       |     3 |       ||     3
         Throwing net      |       |       |     2 ||     2
         Javelin           |       |       |     3 ||     3
 Invoke: Divine Shield     |       |       |     2 ||     2
         Cleansing Flame   |       |       |     1 ||     1
  Evoke: Wand              |       |       |     4 ||     4
    Use: Scroll            |       |     3 |     4 ||     7
         Potion            |       |     1 |     3 ||     4
 Armour: Robe              |    29 |    17 |   137 ||   183
         Skin              |       |     1 |       ||     1
  Dodge: Dodged            |    24 |    24 |    88 ||   136
  Block: Orb               |     9 |     8 |    25 ||    42
         Other             |       |       |    26 ||    26
         Reflection        |       |       |     2 ||     2

Table legend: (Time is in decaauts)
 A = Elapsed time spent in this place.
 B = Non-inter-level travel time spent in this place.
 C = Inter-level travel time spent in this place.
 D = Time resting spent in this place.
 E = Time spent auto-exploring this place.
 F = Levels seen in this place.
 G = Mean time per level.
                   A        B        C        D        E       F      G
               +--------+--------+--------+--------+--------+-----+--------+
         Total |   5106 |   4965 |    141 |    108 |   3775 |   9 |  567.3 |
       Dungeon |   5084 |   4943 |    141 |    108 |   3775 |   8 |  635.5 |
        Temple |     21 |     21 |      0 |      0 |      0 |   1 |   21.0 |
               +--------+--------+--------+--------+--------+-----+--------+

Top non-repeatable levels by time:
     D:6: 1078 daAuts
     D:5: 881 daAuts
     D:2: 653 daAuts
     D:7: 597 daAuts
     D:4: 573 daAuts
     D:3: 477 daAuts
     D:1: 421 daAuts
     D:8: 401 daAuts
  Temple: 21 daAuts
